PL
BOSTON PATRIOTS @ PHILADELPHIA 1776 BC
08/23/2034
 
TOP OF THE 1ST
Boston Patriots batting - Pitching for Philadelphia 1776 BC : LHP José Cotilla
Pitching: LHP José Cotilla
Batting: RHB Stanley van de Ven 0-0: Called Strike
0-1: Ball
1-1: Ground out 1-3 (Groundball, 13)
Batting: RHB Kantaro Taniguchi 0-0: Ball
1-0: Called Strike
1-1: Ball
2-1: Swinging Strike
2-2: SINGLE (Line Drive, 56)
Batting: LHB Jorge Alejándrez 0-0: SINGLE (Flyball, 9LM)
Kantaro Taniguchi to second
Batting: LHB Manuel Carmona 0-0: Ball
1-0: Swinging Strike
1-1: Swinging Strike
1-2: Strikes out swinging
Batting: RHB Anselmo Berneu 0-0: Called Strike
0-1: Foul Ball, location: 2F
0-2: Ball
1-2: Foul Ball, location: 2F
1-2: Strikes out swinging
Top of the 1st over - 0 runs, 2 hits, 0 errors, 2 left on base; Boston 0 - Philadelphia 1776 0
BOTTOM OF THE 1ST
Philadelphia 1776 BC batting - Pitching for Boston Patriots : RHP Aurelio López
Pitching: RHP Aurelio López
Batting: LHB Kelvin Abbott 0-0: Ball
1-0: Called Strike
1-1: Swinging Strike
1-2: Ball
2-2: Ball
3-2: Fly out, F3 (Popup, 34)
Batting: RHB Mario Castillo 0-0: Fly out, F7 (Flyball, 78S)
Batting: LHB Manoo Satyavrat 0-0: Ground out 4-3 (Groundball, 4MS)
Bottom of the 1st over - 0 runs, 0 hits, 0 errors, 0 left on base; Boston 0 - Philadelphia 1776 0
TOP OF THE 2ND
Boston Patriots batting - Pitching for Philadelphia 1776 BC : LHP José Cotilla
Batting: RHB Dennis Wacher 0-0: Ground out 5-3 (Groundball, 56S)
Batting: SHB Edward Sterrenburg 0-0: Called Strike
0-1: Ground out 1-3 (Groundball, P)
Batting: RHB Yu-shu Kang 0-0: Foul Ball, location: 2F
0-1: Ball
1-1: Called Strike
1-2: Ball
2-2: Ball
3-2: Strikes out swinging
Top of the 2nd over - 0 runs, 0 hits, 0 errors, 0 left on base; Boston 0 - Philadelphia 1776 0
BOTTOM OF THE 2ND
Philadelphia 1776 BC batting - Pitching for Boston Patriots : RHP Aurelio López
Batting: RHB Eddie Sachs 0-0: Ball
1-0: Ball
2-0: Called Strike
2-1: Ball
3-1: Called Strike
3-2: Strikes out swinging
Batting: LHB Rafael Sánchez 0-0: Called Strike
0-1: Ball
1-1: Ball
2-1: Swinging Strike
2-2: Ball
3-2: Base on Balls
Batting: RHB Phil Moore 0-0: Ball
1-0: Ball
2-0: Ball
3-0: Base on Balls
Rafael Sánchez to second
Batting: LHB José Rodríguez 0-0: Ball
1-0: Ball
2-0: Ball
3-0: Base on Balls
Rafael Sánchez to third
Phil Moore to second
Batting: RHB Tim Burney 0-0: Ball
1-0: Swinging Strike
1-1: Grounds into double play, 3-6-3 (Groundball, 34)
Bottom of the 2nd over - 0 runs, 0 hits, 0 errors, 2 left on base; Boston 0 - Philadelphia 1776 0
TOP OF THE 3RD
Boston Patriots batting - Pitching for Philadelphia 1776 BC : LHP José Cotilla
Batting: LHB Juan Alvarado 0-0: Ball
1-0: Foul Ball, location: 2F
1-1: Called Strike
1-2: Ball
2-2: SINGLE (Groundball, 4MD)
Batting: RHB Stanley van de Ven 0-0: Ball
1-0: Called Strike
1-1: Called Strike
1-2: Grounds into double play, 6-4-3 (Groundball, 6)
Batting: RHB Kantaro Taniguchi 0-0: Ball
1-0: Ground out 5-3 (Groundball, 56S)
Top of the 3rd over - 0 runs, 1 hit, 0 errors, 0 left on base; Boston 0 - Philadelphia 1776 0
BOTTOM OF THE 3RD
Philadelphia 1776 BC batting - Pitching for Boston Patriots : RHP Aurelio López
Batting: LHB Hai-feng Tang 0-0: Ball
1-0: Swinging Strike
1-1: Ball
2-1: Ground out U3 (Groundball, 2R)
Batting: LHB Kelvin Abbott 0-0: Ground out U3 (Groundball, 34S)
Batting: RHB Mario Castillo 0-0: Ball
1-0: Foul Ball, location: 2F
1-1: Ball
2-1: Fly out, F8 (Flyball, 8LXD)
Bottom of the 3rd over - 0 runs, 0 hits, 0 errors, 0 left on base; Boston 0 - Philadelphia 1776 0
TOP OF THE 4TH
Boston Patriots batting - Pitching for Philadelphia 1776 BC : LHP José Cotilla
Batting: LHB Jorge Alejándrez 0-0: Fly out, F4 (Popup, 23)
Batting: LHB Manuel Carmona 0-0: Ball
1-0: Called Strike
1-1: Ball
2-1: Fly out, F9 (Flyball, 89M)
Batting: RHB Anselmo Berneu 0-0: Called Strike
0-1: Foul Ball, location: 2F
0-2: Foul Ball, location: 2F
0-2: Foul Ball, location: 2F
0-2: Ball
1-2: Ball
2-2: Strikes out swinging
Top of the 4th over - 0 runs, 0 hits, 0 errors, 0 left on base; Boston 0 - Philadelphia 1776 0
BOTTOM OF THE 4TH
Philadelphia 1776 BC batting - Pitching for Boston Patriots : RHP Aurelio López
Batting: LHB Manoo Satyavrat 0-0: Swinging Strike
0-1: Called Strike
0-2: Strikes out swinging
Batting: RHB Eddie Sachs 0-0: Ball
1-0: Called Strike
1-1: Swinging Strike
1-2: Fly out, F3 (Line Drive, 4)
Batting: LHB Rafael Sánchez 0-0: Called Strike
0-1: Called Strike
0-2: Ball
1-2: Fly out, F9 (Flyball, 9LD)
Bottom of the 4th over - 0 runs, 0 hits, 0 errors, 0 left on base; Boston 0 - Philadelphia 1776 0
TOP OF THE 5TH
Boston Patriots batting - Pitching for Philadelphia 1776 BC : LHP José Cotilla
Batting: RHB Dennis Wacher 0-0: Fly out, F6 (Line Drive, 6)
Batting: SHB Edward Sterrenburg 0-0: SINGLE (Line Drive, 56D)
Batting: RHB Yu-shu Kang 0-0: Fly out, F9 (Flyball, 9D)
Batting: LHB Juan Alvarado 0-0: Called Strike
0-1: Ball
1-1: Ball
2-1: Foul Ball, location: 2F
2-2: Ball
3-2: Strikes out swinging
Top of the 5th over - 0 runs, 1 hit, 0 errors, 1 left on base; Boston 0 - Philadelphia 1776 0
BOTTOM OF THE 5TH
Philadelphia 1776 BC batting - Pitching for Boston Patriots : RHP Aurelio López
Batting: RHB Phil Moore 0-0: Swinging Strike
0-1: Swinging Strike
0-2: Ball
1-2: Ball
2-2: Ground out 4-3 (Groundball, 4)
Batting: LHB José Rodríguez 0-0: Called Strike
0-1: Ball
1-1: SINGLE (Groundball, 56D)
Batting: RHB Tim Burney 0-0: Ball
José Rodríguez steals 2nd base
1-0: Ball
2-0: Swinging Strike
2-1: Foul Ball, location: 2F
2-2: Ground out 6-3 (Groundball, 6)
Batting: LHB Hai-feng Tang 0-0: Foul Ball, location: 2F
0-1: Ball
1-1: Hit by Pitch
Batting: LHB Kelvin Abbott 0-0: Foul Ball, location: 2F
0-1: Ball
1-1: Ball
2-1: Ball
3-1: Fly out, F8 (Flyball, 8LD)
Bottom of the 5th over - 0 runs, 1 hit, 0 errors, 2 left on base; Boston 0 - Philadelphia 1776 0
TOP OF THE 6TH
Boston Patriots batting - Pitching for Philadelphia 1776 BC : LHP José Cotilla
Batting: RHB Stanley van de Ven 0-0: Ball
1-0: Called Strike
1-1: Ball
2-1: Ground out U3 (Groundball, 34)
Batting: RHB Kantaro Taniguchi 0-0: Swinging Strike
0-1: Foul Ball, location: 2F
0-2: Ground out 6-3 (Groundball, 6)
Batting: LHB Jorge Alejándrez 0-0: SINGLE (Groundball, 4MD)
Batting: LHB Manuel Carmona 0-0: Called Strike
Jorge Alejándrez steals 2nd base
0-1: Foul Ball, location: 2F
0-2: Ball
1-2: Strikes out swinging
Top of the 6th over - 0 runs, 1 hit, 0 errors, 1 left on base; Boston 0 - Philadelphia 1776 0
BOTTOM OF THE 6TH
Philadelphia 1776 BC batting - Pitching for Boston Patriots : RHP Aurelio López
Batting: RHB Mario Castillo 0-0: Foul Ball, location: 2F
0-1: Ground out 5-3 (Groundball, 56)
Batting: LHB Manoo Satyavrat 0-0: Ball
1-0: Swinging Strike
1-1: Ball
2-1: Foul Ball, location: 2F
2-2: Strikes out looking
Batting: RHB Eddie Sachs 0-0: Called Strike
0-1: Ball
1-1: Fly out, F9 (Flyball, 9LS)
Bottom of the 6th over - 0 runs, 0 hits, 0 errors, 0 left on base; Boston 0 - Philadelphia 1776 0
TOP OF THE 7TH
Boston Patriots batting - Pitching for Philadelphia 1776 BC : LHP José Cotilla
Batting: RHB Anselmo Berneu 0-0: Ball
1-0: Called Strike
1-1: Ball
2-1: SINGLE (Groundball, 56D)
Batting: RHB Dennis Wacher 0-0: Ball
1-0: Foul Ball, location: 2F
1-1: Ball
2-1: Ball
3-1: Foul Ball, location: 2F
3-2: Foul Ball, location: 2F
3-2: SINGLE (Line Drive, 8RS)
Anselmo Berneu to second
Batting: SHB Edward Sterrenburg 0-0: Fly out, F7 (Line Drive, 7LD)
Batting: RHB Yu-shu Kang 0-0: Fly out, F7 (Flyball, 78D)
Batting: LHB Juan Alvarado 0-0: Called Strike
0-1: Foul Ball, location: 2F
0-2: Fly out, F7 (Flyball, 7S)
Top of the 7th over - 0 runs, 2 hits, 0 errors, 2 left on base; Boston 0 - Philadelphia 1776 0
BOTTOM OF THE 7TH
Philadelphia 1776 BC batting - Pitching for Boston Patriots : RHP Aurelio López
Batting: LHB Rafael Sánchez 0-0: Ball
1-0: Called Strike
1-1: Swinging Strike
1-2: Ball
2-2: Ground out 4-3 (Groundball, 4MS)
Batting: RHB Phil Moore 0-0: Fly out, F2 (Popup, 23F)
Batting: LHB José Rodríguez 0-0: Ball
1-0: Ball
2-0: Ball
3-0: Called Strike
3-1: Called Strike
3-2: Foul Ball, location: 2F
3-2: Fly out, F9 (Flyball, 9S)
Bottom of the 7th over - 0 runs, 0 hits, 0 errors, 0 left on base; Boston 0 - Philadelphia 1776 0
TOP OF THE 8TH
Boston Patriots batting - Pitching for Philadelphia 1776 BC : LHP José Cotilla
Batting: RHB Stanley van de Ven 0-0: Hit by Pitch
Batting: RHB Kantaro Taniguchi 0-0: Called Strike
0-1: Fly out, F8 (Flyball, 8RS)
Batting: LHB Jorge Alejándrez 0-0: Ball
1-0: SINGLE (Line Drive, 8RS)
Stanley van de Ven to second
Batting: LHB Manuel Carmona 0-0: Ball
1-0: Fly out, F4 (Line Drive, 4M)
Batting: RHB Anselmo Berneu 0-0: Ball
1-0: Called Strike
1-1: Ground out 4-3 (Groundball, 34)
Top of the 8th over - 0 runs, 1 hit, 0 errors, 2 left on base; Boston 0 - Philadelphia 1776 0
BOTTOM OF THE 8TH
Philadelphia 1776 BC batting - Pitching for Boston Patriots : RHP Aurelio López
Pitching: LHP Bradley Roth
Batting: RHB Tim Burney 0-0: Foul Ball, location: 2F
0-1: Ball
1-1: Ball
2-1: Ball
3-1: SOLO HOME RUN (Flyball, 7LD), Distance : 364 ft
Batting: LHB Hai-feng Tang 0-0: Ball
1-0: Ground out 6-3 (Groundball, 56)
Batting: LHB Kelvin Abbott 0-0: Called Strike
0-1: Swinging Strike
0-2: Ball
1-2: SINGLE (Groundball, 4) (infield hit)
Batting: RHB Mario Castillo 0-0: Ball
1-0: Foul Ball, location: 2F
1-1: Swinging Strike
1-2: SINGLE (Groundball, 6S) (infield hit)
Kelvin Abbott to second
Pinch Hitting: RHB Karl Blanke 0-0: Called Strike
0-1: Fly out, F9 (Flyball, 89S)
Batting: RHB Eddie Sachs 0-0: SINGLE (Groundball, 56D)
Kelvin Abbott to third
Mario Castillo to second
Runner from 3rd tries for Home, SAFE, no throw
Batting: LHB Rafael Sánchez 0-0: Ball
1-0: Ball
Wild Pitch!
Mario Castillo to third
Eddie Sachs to second
2-0: Foul Ball, location: 2F
2-1: Swinging Strike
2-2: Strikes out swinging
Bottom of the 8th over - 2 runs, 4 hits, 0 errors, 2 left on base; Boston 0 - Philadelphia 1776 2
TOP OF THE 9TH
Boston Patriots batting - Pitching for Philadelphia 1776 BC : LHP José Cotilla
Now at C: Kevin Malone
Now in CF: Jake Grant
Batting: RHB Dennis Wacher 0-0: Ball
1-0: Ball
2-0: Ball
3-0: Called Strike
3-1: Called Strike
3-2: Strikes out looking
Batting: SHB Edward Sterrenburg 0-0: Called Strike
0-1: Ball
1-1: Foul Ball, location: 2F
1-2: Strikes out looking
Batting: RHB Yu-shu Kang 0-0: Ground out 5-3 (Groundball, 56)
Top of the 9th over - 0 runs, 0 hits, 0 errors, 0 left on base; Boston 0 - Philadelphia 1776 2
Friday, March 29th, 2019 - OOTP Baseball 18.8 Build 76